 Dungeon Crawl Stone Soup version 0.16-a0-4115-ga5ed934 (webtiles) character file.

550 Minkie the Ducker (level 7, -1/40 HPs)
             Began as a Deep Elf Fire Elementalist on Mar 1, 2015.
             Slain by an orc
             ... wielding a +0 whip
              (3 damage)
             ... on level 4 of the Dungeon.
             The game lasted 00:18:57 (4116 turns).

Minkie the Ducker (Deep Elf Fire Elementalist)      Turns: 4116, Time: 00:18:57

Health: -1/40      AC:  2    Str:  5    XL:     7   Next: 7%
Magic:  34/34      EV: 15    Int: 22    God:
Gold:   81         SH:  0    Dex: 15    Spells: 3 memorised, 5 levels left

rFire  + . .     SeeInvis +     m - staff of power
rCold  x . .     Clarity  .     l - +0 robe (curse)
rNeg   . . .     SustAb   .     (no shield)
rPois  .         Gourm    .     (no helmet)
rElec  .         Spirit   .     (no cloak)
rCorr  .         Warding  .     (no gloves)
rMut   .         Stasis   .     (no boots)
MR     .....                    (no amulet)
Stlth  ++........               o - ring of see invisible
                                g - ring of fire

@: not resistant to hostile enchantments, unstealthy
A: no striking features
a: no special abilities


You were on level 4 of the Dungeon.
You were not hungry.

You visited 1 branch of the dungeon, and saw 4 of its levels.

You collected 81 gold pieces.

Inventory:

Hand weapons
 z - a +0 trident
Armour
 l - a cursed +0 robe (worn)
 w - a +1 robe of fire resistance
Magical staves
 m - an uncursed staff of power (weapon)
Jewellery
 g - a ring of fire (left hand)
 o - a ring of see invisible (right hand)
Magical devices
 q - a wand of slowing (19)
 u - a wand of paralysis (10)
Scrolls
 a - a scroll of enchant weapon {unknown}
 d - 2 scrolls of recharging
 p - a scroll of amnesia
 v - a scroll of teleportation
Potions
 i - a potion of flight {unknown}
 j - a potion of magic {unknown}
 n - a potion of invisibility {unknown}
 r - a potion of resistance {unknown}
 s - a potion of lignification {unknown}
 t - 2 potions of heal wounds {unknown}
 x - a potion of poison {unknown}
 A - a potion of haste {unknown}
Books
 b - a book of Flames

   Spells                             Type                      Level
   a - Flame Tongue                   Conjuration/Fire             1
   b - Throw Flame                    Conjuration/Fire             2
   c - Conjure Flame                  Conjuration/Fire             3
   d - Inner Flame                    Hexes/Fire                   3
   e - Sticky Flame                   Conjuration/Fire             4
   f - Fireball                       Conjuration/Fire             5
Comestibles
 c - 4 bread rations
 f - a meat ration
 h - a royal jelly


   Skills:
 + Level 2.8 Fighting
 + Level 5.1 Dodging
 - Level 2.4 Stealth
 - Level 4.0 Spellcasting
 + Level 3.7 Conjurations
 + Level 5.0 Fire Magic


You had 5 spell levels left.
You knew the following spells:

 Your Spells              Type           Power        Failure   Level  Hunger
a - Flame Tongue          Conj/Fire      #####        1%          1    None
b - Conjure Flame         Conj/Fire      #####...     8%          3    ###....
c - Fireball              Conj/Fire      #####.....   63%         5    ######.


Dungeon Overview and Level Annotations

Branches:
Dungeon (4/15)
 Temple: D:4-7

Altars:
Cheibriados
Dithmenos
Makhleb
Okawaru
Ru
Vehumet
Zin


Message History

* * * LOW HITPOINT WARNING * * *
The orc wizard barely misses you.
You're too confused to move!
The worker ant misses you. The orc wizard closely misses you.
The orc closely misses you.
The orc wizard gestures at you while chanting.
You easily resist.
The worker ant misses you.
Unknown command.
You hit the orc wizard but do no damage.
The orc wizard is almost dead.
The orc hits you but does no damage. The orc wizard hits you with a dagger.
* * * LOW HITPOINT WARNING * * *
The orc wizard closely misses you. The worker ant misses you.
Unknown command.
You miss the orc wizard.
The orc wizard is almost dead.
You feel less confused. The orc wizard hits you with a dagger.
* * * LOW HITPOINT WARNING * * *
The orc hits you with a whip.
You die...

# .##...
#.>a.#..####
#.......> .###
#...#...# ....#
###......##....
..........o......
#....[#.##
##.##aoo.## o.
##@#..########
o.#
#o##...##...## .#
#............##
##............#
#......<.....#
#............#
##..........##
##...##...##
##########


You could see a worker ant, 2 orc wizards and an orc.

Vanquished Creatures
  Grinder (D:3)
  A giant frog (D:3)
  An orc wizard (D:3)
  Natasha (twice) (D:3)
  Ijyb (D:2)
  Jessica (D:3)
  A gnoll (D:2)
  8 adders
  3 worms
  5 giant geckos
  8 orcs
  4 giant cockroaches
  8 hobgoblins
  3 ball pythons (D:1)
  7 bats
  A giant newt (D:2)
  6 goblins
  15 kobolds
  12 rats
88 creatures vanquished.

Notes
Turn   | Place    | Note
--------------------------------------------------------------
     0 | D:1      | Minkie, the Deep Elf Fire Elementalist, began the quest for the Orb.
     0 | D:1      | Reached XP level 1. HP: 10/10 MP: 5/5
   360 | D:1      | Reached XP level 2. HP: 16/16 MP: 1/8
  1186 | D:2      | Reached skill level 1 in Fighting
  1186 | D:2      | Reached XP level 3. HP: 16/20 MP: 5/11
  1419 | D:2      | Learned a level 3 spell: Conjure Flame
  1462 | D:2      | Found a snail-covered altar of Cheibriados.
  1474 | D:2      | Reached XP level 4. HP: 25/25 MP: 5/14
  1924 | D:2      | Reached skill level 4 in Spellcasting
  2086 | D:2      | Noticed Ijyb
  2095 | D:2      | Killed Ijyb
  2283 | D:2      | Reached XP level 5. HP: 29/29 MP: 6/18
  2566 | D:3      | Noticed Jessica
  2568 | D:3      | Killed Jessica
  2709 | D:3      | Found a burning altar of Makhleb.
  2725 | D:3      | Found a glowing silver altar of Zin.
  2725 | D:3      | Found a sacrificial altar of Ru.
  2728 | D:3      | Found an iron altar of Okawaru.
  2729 | D:3      | Found a shadowy altar of Dithmenos.
  2775 | D:3      | Reached XP level 6. HP: 5/35 MP: 12/20
  3029 | D:3      | Noticed Grinder
  3037 | D:3      | Paralysed by Grinder for 2 turns
  3056 | D:3      | Killed Grinder
  3277 | D:3      | Reached skill level 5 in Dodging
  3277 | D:3      | Reached skill level 5 in Fire Magic
  3449 | D:3      | Found a radiant altar of Vehumet.
  3737 | D:3      | Noticed Natasha
  3752 | D:3      | Killed Natasha
  3752 | D:3      | Reached XP level 7. HP: 13/40 MP: 21/21
  3817 | D:3      | Noticed Natasha
  3818 | D:3      | Killed Natasha
  3958 | D:3      | Learned a level 5 spell: Fireball
  4116 | D:4      | HP: 2/40 [orc wizard/dagger (2)]
  4116 | D:4      | Slain by an orc

Action                   |  1- 3 |  4- 6 |  7- 9 || total
-------------------------+-------+-------+-------++-------
Melee: Mace              |    10 |       |       ||    10
       Staff             |       |       |    13 ||    13
 Cast: Flame Tongue      |    51 |   119 |    10 ||   180
       Conjure Flame     |     1 |     6 |       ||     7
  Use: Scroll            |       |     7 |       ||     7
       Potion            |       |       |     1 ||     1
  Eat: Chunk             |     1 |     8 |     1 ||    10
